 Dungeon Crawl Stone Soup version 0.27-a0-1325-g58a489ad9e (webtiles) character file.

Game seed: 1833215041961775688

354 avis the Insei (level 6, -1/51 HPs)
             Began as a Demigod Transmuter on June 25, 2021.
             Killed from afar by Edmund (10 damage)
             ... with a puff of flame
             ... on level 4 of the Dungeon.
             The game lasted 00:26:47 (3969 turns).

avis the Insei (Demigod Transmuter)                 Turns: 3969, Time: 00:26:48

Health: -1/51      AC:  2    Str: 11    XL:     6   Next: 12%
Magic:  0/11       EV: 20    Int: 15    God:
Gold:   60         SH:  5    Dex: 27    Spells: 4/8 levels left

rFire    . . .     SeeInvis .     - Unarmed
rCold    . . .     Faith    .   (shield currently unavailable)
rNeg     . . .     Spirit   .   (armour currently unavailable)
rPois    x         Reflect  +   (helmet currently unavailable)
rElec    .         Harm     .   (cloak currently unavailable)
rCorr    .         Rampage  .   (gloves currently unavailable)
Will     .....                  (boots currently unavailable)
Stlth    ++........             k - amulet of reflection
HPRegen  0.17/turn              (no ring)
MPRegen  0.12/turn              (no ring)

@: spider-form, very slightly contaminated
A: venomous fangs, tiny, high mp 1, forlorn
a: End Transformation


You were on level 4 of the Dungeon.
You were a venomous arachnid creature.
You visited 1 branch of the dungeon, and saw 4 of its levels.

You collected 60 gold pieces.

Inventory:

Hand Weapons
 v - a +0 hunting sling
Missiles
 b - 99 stones
 d - 34 sling bullets
 h - 6 javelins
 i - 40 bolts
 p - 48 arrows
Armour
 a - a +0 robe (melded)
 j - a +0 cloak
 r - a +0 leather armour
 u - a scarf of resistance (melded)
Jewellery
 k - an amulet of reflection (around neck)
Scrolls
 f - 2 scrolls of amnesia {unknown}
 g - a scroll of enchant weapon {unknown}
 m - 2 scrolls of identify {unknown}
 n - a scroll of vulnerability {unknown}
 s - a scroll of acquirement {unknown}
 w - a scroll of silence {unknown}
 x - a scroll of teleportation {unknown}
Potions
 c - 2 potions of curing {unknown}
 e - a potion of invisibility {unknown}
 l - 2 potions of flight {unknown}
 o - 4 potions of mutation {unknown}
 q - a potion of brilliance {unknown}
 t - a potion of attraction {unknown}


   Skills:
 - Level 3.2 Fighting
 - Level 1.7 Dodging
 * Level 5.4 Unarmed Combat
 - Level 1.7 Spellcasting
 - Level 2.0 Transmutations
 - Level 1.0 Poison Magic


You had 4 spell levels left.
You knew the following spells:

 Your Spells              Type           Power      Damage    Failure   Level
a - Beastly Appendage     Tmut           14%        N/A       24%         1
p - Spider Form           Tmut/Pois      2%         N/A       58%         3

Your spell library contained the following spells:

 Spells                   Type           Power      Damage    Failure   Level
 Wereblood                Tmut           7%         N/A       34%         2
 Ice Form                 Ice/Tmut       4%         N/A       94%         4


Dungeon Overview and Level Annotations

Branches:
Dungeon (4/15)
 Temple: D:4-7

Shops:
D:1 [   D:2 :*:=?

Annotations:
D:4 Edmund


Innate Abilities, Weirdness & Mutations

You are a venomous arachnid creature.
You have poisonous fangs.
You are tiny and dextrous.
Your spellcasting is less reliable in this form.
Your armour is entirely melded.
You are incapable of wielding weapons or throwing items.
Your attributes grow dramatically as you level up.
You have an increased reservoir of magic. (+10% MP)
You shall have no god before yourself.


Message History

Your transformation is almost over.
Edmund zaps a wand.
The puff of flame hits you.
You hit Edmund.
Edmund looks as sick as possible!
Edmund is lightly wounded.
Edmund hits you with a +3 flail of protection.
You hit Edmund but do no damage.
Edmund looks as sick as possible!
Edmund is moderately wounded.
You hit Edmund but do no damage.
Edmund is moderately wounded.
You block Edmund's attack.
Your magical contamination has completely faded away.
Edmund zaps a wand.
The puff of flame hits you!
A hobgoblin comes into view.
Your transformation has ended.
Your scarf of resistance unmelds from your body.
Your +0 robe unmelds from your body.
You feel resistant to extremes of temperature.
You hit Edmund but do no damage.
Edmund is heavily wounded.
Casting: Spider Form (quite dangerous; 36% risk of failure)
Confirm with . or Enter, or press ? or * to list all spells.
The spell is quite dangerous to cast (36% risk of failure)!
Continue anyway?
You miscast Spider Form.
You are very lightly contaminated with residual magic.
You feel very strange.
Edmund hits you with a +3 flail of protection.
Casting: Spider Form (quite dangerous; 36% risk of failure)
Confirm with . or Enter, or press ? or * to list all spells.
The spell is quite dangerous to cast (36% risk of failure)!
Continue anyway?
You turn into a venomous arachnid creature.
Your scarf of resistance melds into your body.
Your +0 robe melds into your body.
You feel hot and cold all over.
Edmund hits you with a +3 flail of protection!
* * * LOW HITPOINT WARNING * * *
You barely miss Edmund.
Edmund is severely wounded.
Edmund hits you with a +3 flail of protection.
* * * LOW HITPOINT WARNING * * *
Edmund zaps a wand.
The puff of flame hits you!
You die...

# ##.#### ..#
#.....# #.#
##.##.# #.. ####.#
#.# #.# #.#
#.###### #.#
#†##...###.#
#.#.....##.#
#......s.#.####g#
#........@..g....>
#.................
#..........####.##
#..........# #
#.#.....####
#.##...## .. #####


You could see Edmund (very poisoned) and a hobgoblin.

Vanquished Creatures
  Eustachio (D:3)
  A water moccasin skeleton (D:4)
  A bullfrog zombie (D:4)
  An iguana (D:4)
  An adder (D:2)
  A gnoll (D:1)
  A worm (D:3)
  A dart slug (D:2)
  An orc (D:3)
  5 bats
  9 endoplasms
  5 giant cockroaches
  5 goblins
  9 hobgoblins
  11 jackals
  5 quokkas
  12 ball pythons
  3 frilled lizards
  5 kobolds
  7 rats
85 creatures vanquished.

Notes
Turn   | Place    | Note
-------+----------+-------------------------------------------
     0 | D:1      | avis the Demigod Transmuter began the quest for the Orb.
     0 | D:1      | Reached XP level 1. HP: 15/15 MP: 5/5
   128 | D:1      | Reached skill level 3 in Unarmed Combat
   309 | D:1      | Found Dilit's Armour Shoppe.
   412 | D:1      | Reached XP level 2. HP: 21/22 MP: 5/7
   994 | D:1      | Reached XP level 3. HP: 25/27 MP: 6/8
  1038 | D:1      | Reached skill level 4 in Unarmed Combat
  1042 | D:1      | Learned a level 3 spell: Spider Form
  1832 | D:2      | Reached skill level 1 in Fighting
  1832 | D:2      | Reached skill level 1 in Poison Magic
  1978 | D:2      | Found Ruocseru's Book Boutique.
  2007 | D:2      | Found Mussil's Book Shoppe.
  2043 | D:2      | Found Deigos's Jewellery Emporium.
  2176 | D:2      | Found Xeuleon's Magic Scroll Shoppe.
  2271 | D:2      | Found Uridefir's Assorted Antiques.
  2287 | D:2      | Reached XP level 4. HP: 35/36 MP: 7/9
  3514 | D:4      | Noticed Eustachio
  3638 | D:3      | Killed Eustachio
  3639 | D:3      | Reached skill level 5 in Unarmed Combat
  3639 | D:3      | Reached XP level 5. HP: 27/45 MP: 6/10
  3857 | D:4      | Reached XP level 6. HP: 37/51 MP: 11/11
  3946 | D:4      | Noticed Edmund
  3969 | D:4      | Killed from afar by Edmund

Illustrated notes

Levels and vault maps discovered:
D:1:      onia_arrival_handbag, layout_loops_ring, serial_shops, shop
D:2:      layout_rooms, serial_shops, nicolae_shop_waterfront,
          nicolae_diamond_shop, nicolae_shop_trees, nicolae_shop_behind_doors,
          nicolae_shop_behind_doors, minmay_tripent
D:3:      layout_basic, shapermc_ecumenical_altar_notcrosses
D:4:      layout_loops_ring, serial_shops, nicolae_diamond_shop, uniq_edmund,
          uniq_eustachio

Skill      XL: |  1  2  3  4 |
---------------+-------------+-----
Unarmed Combat | 3 4 5 |  5.4
Transmutations | 2 |  2.0
Fighting       | 1 3 |  3.2
Poison Magic   | 1 |  1.0
Dodging        | |  1.7
Spellcasting   | |  1.7

Action                   |  1- 3 |  4- 6 || total
-------------------------+-------+-------++-------
Melee: Unarmed           |   128 |    98 ||   226
       Kick              |    27 |    22 ||    49
       Headbutt          |    21 |    15 ||    36
       Punch             |     3 |     1 ||     4
 Cast: Beastly Appendage |    36 |    26 ||    62
       Spider Form       |       |     3 ||     3
 Stab: Sleeping          |     3 |     1 ||     4
Armor: Robe              |    13 |    12 ||    25
Dodge: Dodged            |    57 |    50 ||   107
Block: Other             |    14 |    13 ||    27

Table legend: (Time is in decaauts)
 A = Elapsed time spent in this place.
 B = Non-inter-level travel time spent in this place.
 C = Inter-level travel time spent in this place.
 D = Time resting spent in this place.
 E = Time spent auto-exploring this place.
 F = Levels seen in this place.
 G = Mean time per level.
                   A        B        C        D        E       F      G
               +--------+--------+--------+--------+--------+-----+--------+
         Total |   3959 |   3768 |    191 |   1299 |   1649 |   4 |  989.8 |
       Dungeon |   3959 |   3768 |    191 |   1299 |   1649 |   4 |  989.8 |
               +--------+--------+--------+--------+--------+-----+--------+

Top non-repeatable levels by time:
     D:1: 1486 daAuts
     D:3: 1292 daAuts
     D:2: 936 daAuts
     D:4: 243 daAuts
